 Dungeon Crawl Stone Soup version 0.23.2-1-ga50397a (webtiles) character file.

Game seed: 10142506155321848726

99 Borgoz the Cutter (level 5, 0/34 HPs)
             Began as a Halfling Gladiator on May 25, 2019.
             Slain by a sky beast (3 damage)
             ... on level 3 of the Dungeon.
             The game lasted 00:02:46 (2154 turns).

Borgoz the Cutter (Halfling Gladiator)              Turns: 2154, Time: 00:02:46

Health: 0/34       AC:  5    Str: 16    XL:     5   Next: 2%
Magic:  5/5        EV: 22    Int:  6    God:
Gold:   83         SH:  0    Dex: 21    Spells: 4/4 levels left

rFire    . . .     SeeInvis .   a - +0 rapier
rCold    . . .     Gourm    .   (shield restricted)
rNeg     . . .     Faith    .   b - +0 leather armour
rPois    .         Spirit   .   c - +0 helmet
rElec    .         Reflect  .   n - +0 cloak
rCorr    .         Harm     .   (no gloves)
MR       .....                  (no boots)
Stlth    +++.......             j - amulet of regeneration
HPRegen  0.51/turn              (no ring)
MPRegen  0.09/turn              (no ring)

@: agile
A: small, mutation resistance 1
a: no special abilities


You were on level 3 of the Dungeon.
You were not hungry.

You visited 1 branch of the dungeon, and saw 3 of its levels.

You collected 83 gold pieces.

Inventory:

Hand Weapons
 a - a +0 rapier (weapon)
Armour
 b - a +0 leather armour (worn)
 c - a +0 helmet (worn)
 n - a +0 cloak (worn)
Jewellery
 j - an amulet of regeneration (around neck)
 r - a +5 amulet of reflection {unknown}
Scrolls
 e - a scroll of teleportation {unknown}
 h - a scroll of fog {unknown}
 l - 2 scrolls of remove curse {unknown}
 p - a scroll of fear {unknown}
Potions
 g - a potion of flight
 i - a potion of magic
 o - a potion of brilliance
Comestibles
 f - 8 rations
 q - a chunk of flesh


   Skills:
 + Level 2.1 Fighting
 * Level 4.4 Short Blades
 - Level 2.0 Throwing
 * Level 2.2 Armour
 * Level 4.1 Dodging
 + Level 1.4 Stealth


You had 4 spell levels left.
You didn't know any spells.
Your spell library was empty.

Dungeon Overview and Level Annotations

Branches:
Dungeon (3/15)

Altars:


Innate Abilities, Weirdness & Mutations

You are small and have problems with some larger weapons.
You are somewhat resistant to further mutation.


Message History

You throw a throwing net.
The throwing net closely misses the sky beast.
The throwing net hits the giant cockroach.
The sky beast closely misses you.
The giant cockroach struggles against the net.
Okay, then.
Okay, then.
You hit the sky beast.
The sky beast is lightly wounded.
The sky beast completely misses you.
The giant cockroach struggles against the net.
You hit the sky beast.
The sky beast is moderately wounded.
The sky beast hits you but does no damage.
The giant cockroach struggles against the net.
The net rips apart, and the giant cockroach comes free!
You closely miss the sky beast.
The sky beast is moderately wounded.
The sky beast hits you.
You die...

#.#'##.####÷##..#........#
#...........##..###.####.#
#.#'##.####.##......# #.#
#.#..'.+..#)##..########.#
#.#..#.#..#(#............#
#.####.##'#.###.##########
#...........#..........
#.####.##+#.#.#.#######
#.#..+.'..#.#†#@#
.#.#..#.#..#.#.#Y#
.#.#'##.####.#.#s#######
.#...........#.#........
.#.#'##.####.#.#....[...
.#.#..+.+ .#.#........
.#.#..#.# #.#........
.#.####.# #.#........
.......... #....(...


You could see a sky beast and a giant cockroach.

Vanquished Creatures
  2 adders (D:2)
  A worm (D:2)
  5 leopard geckos
  An orc (D:3)
  2 giant cockroaches
  6 goblins
  6 hobgoblins
  13 jackals
  9 kobolds
  2 quokkas (D:2)
  A ball python (D:2)
  6 bats
  5 frilled lizards
  11 rats
70 creatures vanquished.

Notes
Turn   | Place    | Note
-------+----------+-------------------------------------------
     0 | D:1      | Borgoz the Halfling Gladiator began the quest for the Orb.
     0 | D:1      | Reached XP level 1. HP: 14/14 MP: 1/1
    39 | D:1      | Reached XP level 2. HP: 17/19 MP: 2/2
   153 | D:1      | Reached skill level 1 in Armour
   544 | D:1      | Reached XP level 3. HP: 23/24 MP: 3/3
   671 | D:2      | You fall through a shaft!
   858 | D:2      | Reached skill level 1 in Stealth
  1007 | D:2      | Reached XP level 4. HP: 14/29 MP: 4/4
  2123 | D:3      | Reached XP level 5. HP: 33/34 MP: 5/5
  2130 | D:3      | Noticed a sky beast
  2148 | D:3      | HP: 1/34 [sky beast (5)]
  2154 | D:3      | Slain by a sky beast

Skill      XL: |  1  2  3  4 |
---------------+-------------+-----
Armour         | 1 2 |  2.2
Short Blades   | 4 |  4.4
Stealth        | 1 |  1.4
Fighting       | 2 |  2.1
Dodging        | 4 |  4.1
Throwing       | |  2.0

Action                   |  1- 3 |  4- 6 || total
-------------------------+-------+-------++-------
Melee: Rapier            |   100 |   122 ||   222
Throw: Throwing net      |       |     3 ||     3
  Use: Scroll            |     2 |     3 ||     5
       Potion            |       |     3 ||     3
  Eat: Chunk             |       |     4 ||     4
Armor: Leather armour    |    24 |    27 ||    51
Dodge: Dodged            |    94 |   110 ||   204
